Map: Nightscape CE

Players

Kaxolix

  • Race: Terran Terran
  • League: Silver
  • Spawn Location: 1:00

BBTheDroid

  • Race: Protoss Protoss
  • Spawn Location: 1:00

cliv - Winner!

  • Race: Terran Terran
  • League: Gold
  • Spawn Location: 7:00

try - Winner!

  • Race: Zerg Zerg
  • League: Master
  • Spawn Location: 7:00

VOD

Have the link to the VOD?

Description

Time

  • Played on: Oct. 30, 2024, 5:30 p.m.
  • Length: 8:11
Show
View Real Time Build Order
Export as new Build Order

Kaxolix Terran 

Build Orders:  

Get SALT Encoding   

  12  0:00  SCV  
  13  0:12  SCV  
  14  0:17  Supply Depot  
  14  0:25  SCV  
  15  0:39  SCV  
  15  0:40  Barracks  
  16  0:45  Refinery  
  16  0:51  SCV  
  17  1:03  SCV  
  18  1:15  SCV  
  19  1:25  Barracks  
  19  1:29  Supply Depot  
  19  1:32  Barracks Tech Lab  
  19  1:43  SCV  
  19  1:44  Refinery  
  20  1:59  Factory, Marine  
  21  2:06  Orbital Command  
  21  2:13  Barracks Reactor  
  21  2:22  Marine  
  22  2:32  SCV  
  23  2:59  Siege Tank  
  23  3:01  Marine x2  
  28  3:09  SCV  
  29  3:15  Command Center  
  29  3:19  Engineering Bay  
  29  3:22  Engineering Bay  
  29  3:27  Barracks Tech Lab  
  29  3:40  SCV  
  30  3:46  Terran Infantry Weapons Level 1  
  30  3:48  Terran Infantry Armor Level 1  
  30  4:14  Bunker  
  30  4:28  Supply Depot  
  30  4:29  Supply Depot  
  30  4:30  Bunker  
  30  4:45  Siege Tank  
  33  4:53  Bunker  
  33  4:59  Bunker  
  33  5:02  Supply Depot  
  33  5:18  Supply Depot x2  
  33  5:19  Supply Depot  
  33  5:26  Refinery  
  33  5:27  Refinery  
  33  5:40  Marine x2  
  33  5:41  Marauder, Siege Tank  
  40  5:48  Armory  
  40  5:56  SCV  
  40  5:57  SCV  
  42  6:08  SCV  
  42  6:09  SCV  
  44  6:21  Orbital Command  
  44  6:22  SCV  
  45  6:26  Siege Tank  
  45  6:27  Marine x2  
  45  6:32  Marauder  
  52  6:34  SCV  
  53  6:49  Missile Turret  
  53  6:52  Missile Turret  
  53  6:54  Missile Turret  
  43  7:43  Starport  
  43  7:46  Starport  
  43  7:47  SCV  
  43  7:48  SCV  
  45  7:59  SCV  
Show
View Real Time Build Order
Export as new Build Order

BBTheDroid Protoss 

Build Orders:  

Get SALT Encoding   

  12  0:02  Probe  
  13  0:19  Probe (Chrono Boost)  
  14  0:23  Pylon  
  15  0:28  Probe (Chrono Boost)  
  15  0:43  Probe  
  15  0:46  Assimilator  
  15  0:47  Assimilator  
  16  0:54  Gateway  
  16  1:18  Pylon  
  16  1:19  Gateway  
  16  1:21  Probe (Chrono Boost)  
  17  1:32  Probe (Chrono Boost)  
  18  1:37  Probe (Chrono Boost)  
  19  1:41  Cybernetics Core  
  19  1:43  Zealot  
  21  2:12  Forge  
  21  2:15  Probe (Chrono Boost)  
  22  2:19  Warp Gate  
  22  2:25  Probe (Chrono Boost)  
  22  2:29  Adept  
  25  2:30  Probe (Chrono Boost)  
  26  2:43  Pylon  
  26  2:48  Twilight Council  
  26  3:02  Stargate  
  26  3:38  Nexus  
  30  3:49  Void Ray (Chrono Boost)  
  30  3:57  Cybernetics Core  
  30  4:11  Fleet Beacon  
  30  4:16  Pylon  
  30  4:37  Protoss Air Weapons Level 1 (Chrono Boost)  
  34  4:53  Probe  
  34  4:57  Void Ray  
  35  5:05  Probe (Chrono Boost)  
  37  5:16  Probe (Chrono Boost)  
  37  5:17  Probe (Chrono Boost)  
  37  5:18  Flux Vanes  
  38  5:21  Probe (Chrono Boost)  
  38  5:23  Probe  
  38  5:28  Protoss Air Armor Level 1 (Chrono Boost)  
  40  5:32  Probe  
  41  5:36  Assimilator, Probe  
  41  5:40  Assimilator  
  42  5:44  Probe  
  43  5:56  Probe  
  44  5:57  Protoss Shields Level 1  
  44  6:13  Probe (Chrono Boost)  
  46  6:20  Probe (Chrono Boost)  
  46  6:22  Probe (Chrono Boost)  
  51  6:26  Void Ray  
  51  6:27  Probe x2 (Chrono Boost)  
  53  6:36  Stargate  
  53  6:38  Probe  
  54  6:45  Probe  
  54  6:46  Nexus  
  55  7:13  Pylon  
  39  8:09  Pylon  
Show
View Real Time Build Order
Export as new Build Order

cliv Terran - Winner!

Build Orders:  

Get SALT Encoding   

  12  0:00  SCV  
  13  0:17  Supply Depot  
  13  0:18  SCV  
  14  0:30  SCV  
  15  0:40  Barracks  
  15  0:42  SCV  
  16  0:47  Refinery  
  16  0:54  SCV  
  17  1:07  SCV  
  18  1:19  SCV  
  19  1:32  Command Center  
  19  1:40  Orbital Command  
  19  1:44  Marine  
  20  2:03  Marine  
  21  2:09  Refinery  
  21  2:11  SCV  
  22  2:22  Barracks Tech Lab  
  22  2:30  Factory  
  22  2:35  SCV  
  23  2:48  SCV  
  23  2:50  Engineering Bay  
  24  2:58  Orbital Command  
  24  3:00  SCV  
  24  3:04  Barracks  
  26  3:12  SCV  
  26  3:33  Barracks Reactor  
  26  3:34  Starport, Siege Tank  
  26  3:37  SCV  
  26  3:38  SCV  
  31  3:49  SCV  
  31  3:50  SCV  
  31  3:54  Supply Depot  
  33  3:57  Missile Turret  
  33  4:02  Missile Turret  
  33  4:04  SCV x2  
  33  4:08  Barracks Tech Lab  
  35  4:15  Barracks  
  35  4:29  SCV x2  
  37  4:32  Starport Reactor  
  37  4:41  SCV x2  
  39  4:47  Barracks Tech Lab  
  39  4:48  Bunker  
  39  4:53  SCV x2  
  39  4:59  Supply Depot  
  41  5:07  Supply Depot  
  41  5:11  Supply Depot  
  41  5:17  Barracks Reactor  
  41  5:26  Siege Tank  
  44  5:30  Liberator  
  44  5:33  Marine x2  
  49  5:36  Stimpack  
  49  5:39  Terran Infantry Weapons Level 1  
  49  5:41  SCV  
  49  5:42  SCV  
  51  5:46  Supply Depot  
  51  5:50  Supply Depot, Marine  
  51  5:51  Marine  
  51  5:53  SCV  
  51  5:54  SCV  
  55  6:06  Refinery x2  
  55  6:08  Marine x2  
  57  6:11  Factory  
  57  6:13  Liberator  
  57  6:17  Starport  
  60  6:20  SCV x2, Barracks  
  60  6:25  Supply Depot  
  62  6:27  Marauder x2  
  62  6:28  Supply Depot, Marine x2  
  62  6:32  SCV x2  
  70  6:35  Engineering Bay  
  70  6:42  Armory  
  70  6:45  SCV x2  
  70  6:46  Marine  
  73  6:48  Marauder x2  
  77  6:57  SCV x2  
  79  7:18  Barracks Reactor  
  79  7:20  Starport Reactor  
  79  7:21  Factory Tech Lab  
  79  7:23  Marine x4  
  79  7:27  Siege Tank  
  86  7:33  Medivac  
  88  7:41  Marine x2  
  88  7:42  Marauder x2  
  88  7:43  Supply Depot  
  94  7:49  Supply Depot  
  94  7:53  Supply Depot  
Show
View Real Time Build Order
Export as new Build Order

try Zerg - Winner!

Build Orders: Hatch First 

Get SALT Encoding   

  12  0:01  Drone  
  13  0:10  Drone  
  14  0:18  Overlord  
  14  0:36  Drone x2  
  14  0:37  Drone  
  18  0:57  Drone  
  18  1:00  Extractor  
  18  1:01  Hatchery  
  18  1:03  Drone  
  17  1:10  Drone  
  18  1:20  Drone  
  18  1:25  Spawning Pool  
  18  1:31  Drone  
  19  1:43  Overlord  
  19  1:56  Drone  
  20  2:05  Drone  
  21  2:10  Extractor  
  21  2:12  Queen  
  21  2:14  Drone  
  23  2:17  Drone  
  23  2:19  Queen  
  26  2:28  Drone  
  27  2:34  Drone  
  28  2:38  Extractor  
  28  2:40  Drone  
  28  2:41  Extractor  
  27  2:45  Zergling x2  
  27  2:47  Zergling x2  
  29  2:53  Drone  
  30  3:00  Spine Crawler  
  30  3:02  Drone  
  30  3:12  Drone x2  
  32  3:17  Drone  
  32  3:19  Drone  
  34  3:24  Hatchery  
  33  3:28  Drone x3  
  33  3:32  Overlord  
  36  3:34  Lair  
  36  3:39  Overlord  
  36  3:40  Overlord  
  36  3:56  Drone x2  
  36  3:58  Drone  
  36  4:00  Drone  
  36  4:01  Drone  
  41  4:05  Drone x2  
  41  4:06  Drone  
  44  4:18  Queen  
  44  4:19  Drone x3  
  49  4:29  Extractor  
  49  4:30  Extractor  
  47  4:32  Drone x2  
  47  4:33  Drone x4  
  53  4:42  Spire  
  53  4:43  Drone  
  53  4:47  Drone x3  
  53  4:51  Drone  
  57  4:56  Drone  
  58  5:15  Drone x3  
  58  5:21  Drone x3  
  64  5:24  Overlord  
  64  5:25  Overlord x2  
  65  5:28  Drone  
  64  5:40  Overseer  
  64  5:45  Overlord x3  
  64  5:53  Mutalisk x2  
  64  5:55  Mutalisk x2  
  64  5:56  Mutalisk  
  74  5:58  Mutalisk x3  
  74  6:02  Mutalisk x3  
  86  6:06  Zerg Flyer Weapons Level 1  
  86  6:19  Mutalisk  
  86  6:20  Mutalisk  
  90  6:45  Overlord x2  
  90  6:46  Overlord x2  
  90  6:49  Mutalisk x3  
  90  6:50  Mutalisk x4  
  104  7:16  Hatchery  
Tags
 
Add a new tag
Caveats
  • Supply blocks, unpowered buildings, or Contaminate may cause inaccurate times.
  • Supply counts are checked every 10 seconds.